 Dungeon Crawl Stone Soup version 0.27-a0-1347-gd8886f0a89 (webtiles) character file.

Game seed: 14304562845577301280

227 nyamberluvr69 the Covert (level 5, 24/24 HPs)
             Began as a Felid Monk on June 27, 2021.
             Was a Believer of Ru.
             Quit the game on level 4 of the Dungeon.
             The game lasted 00:17:45 (7209 turns).

nyamberluvr69 the Covert (Felid Monk)               Turns: 7209, Time: 00:17:46

Health: 24/24      AC:  2    Str:  7    XL:     5   Next: 70%
Magic:  6/6        EV: 19    Int: 12    God:    Ru [**....]
Gold:   184        SH:  0    Dex: 20    Spells: 4/4 levels left
                                        Lives:  0   Deaths: 2

rFire    . . .     SeeInvis +     - Unarmed
rCold    . . .     Faith    .   (shield unavailable)
rNeg     . . .     Spirit   .   (armour unavailable)
rPois    +         Reflect  .   (helmet unavailable)
rElec    .         Harm     .   (cloak unavailable)
rCorr    .         Rampage  .   (gloves unavailable)
Will     .....                  (boots unavailable)
Stlth    +++++.....             (no amulet)
HPRegen  0.08/turn              b - ring of poison resistance
MPRegen  0.10/turn              (no ring)

@: quick
A: very small, claws 1, fangs 3, see invisible, speed 1, shaggy fur 2, inability
to use devices, stealthy paws, no weapons or thrown items, no armour,
multi-lived
a: Renounce Religion


You were on level 4 of the Dungeon.
You worshipped Ru.
Ru was pleased with you.
You visited 2 branches of the dungeon, and saw 6 of its levels.

You collected 184 gold pieces.

Inventory:

Jewellery
 b - a ring of poison resistance (left paw)
 i - a ring of fire
Scrolls
 f - a scroll of blinking
 h - a scroll of noise {unknown}
 j - a scroll of silence
 k - a scroll of teleportation
 m - a scroll of enchant armour {unknown}
 n - 2 scrolls of vulnerability {unknown}
 p - 3 scrolls of fear {unknown}
Potions
 a - 2 potions of curing {unknown}
 c - a potion of might {unknown}
 d - a potion of attraction {unknown}
 e - a potion of lignification {unknown}
 g - a potion of heal wounds {unknown}
 l - a potion of haste {unknown}
 o - a potion of cancellation {unknown}


   Skills:
 - Level 3.0 Fighting
 - Level 4.0 Dodging
 + Level 11.6 Stealth
 - Level 3.0 Unarmed Combat


You had 4 spell levels left.
You didn't know any spells.
Your spell library was empty.

Dungeon Overview and Level Annotations

Branches:
Dungeon (5/15)             Temple (1/1) D:4

Altars:
Ashenzari
Cheibriados
Dithmenos
Elyvilon
Fedhas
Gozag
Hepliaklqana
Kikubaaqudgha
Nemelex Xobeh
Qazlal
Ru
Sif Muna
Trog
Uskayaw
Xom
Yredelemnul
Zin
The Shining One

Shops:
D:5 [


Innate Abilities, Weirdness & Mutations

You have sharp claws.
You have razor-sharp teeth.
You have supernaturally acute eyesight. (SInv)
You cover ground quickly. (Speed+)
You are covered in thick fur. (AC +2)
You cannot study or use magical devices.
Your paws help you pounce on unaware monsters.
You are incapable of wielding weapons or throwing items.
You cannot wear armour.
You gain extra lives every three experience levels.


Message History

The black bear bites you! The black bear misses you.
The black bear closely misses you.
Okay, then.
Unknown command.
You start resting.
A black bear is nearby!
You scratch the black bear.
The black bear is heavily wounded.
The black bear bites you. The black bear closely misses you.
The black bear barely misses you.
You scratch the black bear but do no damage.
The black bear is moderately wounded.
You redirect the black bear's attack!
The black bear misses you. The black bear claws you.
The black bear closely misses you.
You scratch the black bear.
The black bear is heavily wounded.
You scratch the black bear but do no damage.
The black bear is heavily wounded.
The black bear misses you. The black bear completely misses you.
The black bear claws you.
* * * LOW HITPOINT WARNING * * *
You closely miss the black bear.
The black bear is heavily wounded.
The black bear begins to attack, but is stunned by your conviction!
You scratch the black bear. You bite the black bear.
The black bear is severely wounded.
The black bear goes berserk!
You scratch the black bear.
The black bear is almost dead.
The black bear bites you.
* * * LOW HITPOINT WARNING * * *
You focus your inner power and blind the black bear in retribution!
The black bear barely misses you. The black bear claws you!
You die...
The black bear completely misses you. The black bear closely misses you.
The black bear claws you.
You are now level 5!
You rejoin the land of the living...
Are you sure you want to abandon this character and quit the game? (Confirm with "yes".)

........# ######..#####..#.#.O#8
........#####...####..##......###
...##....##.#..........#.........
..# ##....h..(.............##....
## #...#.................).....
##.#####.............#...... ###
#.....##......##......
#...#..........#......
##..#@..##.##.......##
####....#.#...#...##
###......####### #.....## ###...#
#.### ###


There were no monsters in sight!

Vanquished Creatures
  2 ogres
  A necrophage (D:4)
  2 scorpions (D:4)
  A scorpion zombie (D:5)
  An iguana (D:5)
  An orc wizard (D:4)
  A killer bee zombie (D:3)
  6 adders
  2 ufetubi (D:4)
  An adder skeleton (D:4)
  4 worms
  A dart slug (D:1)
  3 orcs
  5 ball pythons
  8 endoplasms
  A giant cockroach (D:2)
  2 goblins (D:4)
  3 hobgoblins
  4 jackals (D:2)
  5 kobolds
  A quokka (D:4)
  5 bats
  3 frilled lizards (D:2)
  2 rats (D:3)
65 creatures vanquished.

Vanquished Creatures (others)
  A necrophage (D:4)
1 creature vanquished.

Grand Total: 66 creatures vanquished

Notes
Turn   | Place    | Note
-------+----------+-------------------------------------------
     0 | D:1      | nyamberluvr69 the Felid Monk began the quest for the Orb.
     0 | D:1      | Reached XP level 1. HP: 10/10 MP: 2/2
    66 | D:1      | Reached skill level 3 in Stealth
   497 | D:1      | Found a faded altar of an unknown god.
   985 | D:2      | Reached skill level 4 in Stealth
   985 | D:2      | Reached XP level 2. HP: 14/14 MP: 3/3
  1747 | D:2      | Reached skill level 5 in Stealth
  1846 | D:2      | Reached XP level 3. HP: 17/17 MP: 4/4
  2563 | D:3      | Reached skill level 6 in Stealth
  2619 | D:3      | Found a broken altar of Ashenzari.
  2693 | D:3      | Reached XP level 4. HP: 21/21 MP: 5/5
  2771 | D:3      | Found a shimmering blue altar of Sif Muna.
  3342 | D:4      | Noticed a necrophage
  3409 | D:4      | Found a staircase to the Ecumenical Temple.
  3423 | D:4      | Reached skill level 7 in Stealth
  3506 | Temple   | Entered the Ecumenical Temple
  3796 | Temple   | Became a worshipper of Ru the Awakened
  3819 | Temple   | Gained mutation: You cannot study or use magical devices.
                  | [Ru sacrifice]
  3819 | Temple   | Reached * piety under Ru
  3819 | Temple   | Reached ** piety under Ru
  3849 | D:4      | Noticed a scorpion
  3869 | D:4      | Killed a scorpion
  3870 | D:4      | Reached XP level 5. HP: 10/24 MP: 6/6
  4150 | D:4      | Reached skill level 8 in Stealth
  4450 | D:4      | Reached skill level 9 in Stealth
  4481 | D:4      | Noticed a black bear
  4504 | D:4      | You fall into a shaft and drop 1 floor!
  4504 | D:5      | Entered Level 5 of the Dungeon
  4704 | D:4      | Found an opulent altar of Gozag.
  4715 | D:4      | Found a blossoming altar of Fedhas.
  4719 | D:4      | Gained mutation: You are covered in thick fur. (AC +2)
                  | [Felid growth]
  4719 | D:4      | Reached XP level 6. HP: 28/28 MP: 7/7
  5465 | D:5      | Found Diyn's Armour Emporium.
  5905 | D:5      | Reached skill level 10 in Stealth
  6133 | D:4      | Reached XP level 7. HP: 18/31 MP: 8/8
  6175 | D:4      | Slain by an ogre
  6176 | D:4      | Reached XP level 6. HP: -2/28 MP: 7/7
  6372 | D:4      | Found a hide-covered altar of Uskayaw.
  6625 | D:4      | Reached skill level 11 in Stealth
  7208 | D:4      | Slain by a black bear
  7209 | D:4      | Reached XP level 5. HP: -5/24 MP: 6/6
  7209 | D:4      | Quit the game

Illustrated notes

Levels and vault maps discovered:
D:1:      minmay_arrival_four_circles, layout_basic, basic_ecumenical_altar
D:2:      layout_basic
D:3:      layout_rooms, nicolae_ashenzari_skybound, led_sif_book,
          kennysheep_generic_room_15
D:4:      minmay_bubble_buster, layout_cave_pools, marbit_many_paths,
          grunt_gozag_breadcrumbs, fedhas_altar_2,
          minmay_temple_entry_statues_fountains
D:5:      layout_loops_ring, nicolae_vehumet_altar_sigil, serial_shops,
          nicolae_shop_statue_plus
Temple:   nicolae_temple_figure_eight

Skill      XL: |  1  2  3  4  5  6 |
---------------+-------------------+-----
Stealth        | 4 5 6 7 9 11 | 11.6
Fighting       | |  3.0
Dodging        | |  4.0
Unarmed Combat | |  3.0

Action                   |  1- 3 |  4- 6 |  7- 9 || total
-------------------------+-------+-------+-------++-------
Melee: Unarmed           |    87 |   194 |     1 ||   282
       Bite              |     8 |    30 |       ||    38
       Punch             |       |     5 |       ||     5
Invok: Sacrifice Artific |       |     1 |       ||     1
  Use: Scroll            |       |     3 |       ||     3
 Stab: Sleeping          |     9 |    10 |       ||    19
       Distracted        |     1 |       |       ||     1
       Invisible         |       |     5 |       ||     5
Armor: Skin              |       |     8 |       ||     8
Dodge: Dodged            |    66 |   129 |     1 ||   196

Table legend: (Time is in decaauts)
 A = Elapsed time spent in this place.
 B = Non-inter-level travel time spent in this place.
 C = Inter-level travel time spent in this place.
 D = Time resting spent in this place.
 E = Time spent auto-exploring this place.
 F = Levels seen in this place.
 G = Mean time per level.
                   A        B        C        D        E       F      G
               +--------+--------+--------+--------+--------+-----+--------+
         Total |   6515 |   6407 |    108 |   2866 |   2376 |   6 | 1085.8 |
       Dungeon |   6190 |   6105 |     85 |   2806 |   2207 |   5 | 1238.0 |
        Temple |    324 |    301 |     23 |     60 |    168 |   1 |  324.0 |
               +--------+--------+--------+--------+--------+-----+--------+

Top non-repeatable levels by time:
     D:4: 1969 daAuts
     D:2: 1397 daAuts
     D:5: 1179 daAuts
     D:3: 823 daAuts
     D:1: 820 daAuts
  Temple: 324 daAuts
